 Dungeon Crawl Stone Soup version 0.29.1-1-gd02db6906a (webtiles) character file.

Game seed: 16413841448339737072

165 Godmorgon the Magician (level 5, 0/39 HPs)
             Began as a Djinni Ice Elementalist on Oct 1, 2022.
             Slain by a scorpion (1 damage)
             ... on level 4 of the Dungeon.
             The game lasted 00:20:48 (3509 turns).

Godmorgon the Magician (Djinni Ice Elementalist)    Turns: 3509, Time: 00:20:49

Health: 0/39       AC:  5    Str:  7    XL:     5   Next: 75%
Gold:   218        EV: 11    Int: 19    God:
                   SH:  0    Dex: 13

rFire   + + .      SeeInvis .   a - +0 short sword
rCold   x . .      Faith    .   (no shield)
rNeg    . . .      Spirit   .   c - +0 leather armour
rPois   ∞          Reflect  .   n - +0 helmet
rElec   .          Harm     .   l - +0 cloak
rCorr   .          Rampage  .   (no gloves)
Will    .....                   (boots unavailable)
Stlth   ++........              (no amulet)
HPRegen 0.13/turn               (no ring)
MPRegen 0.00/turn               (no ring)

@: flying
A: sickness immunity, fire resistance 2, cold vulnerability 1, float, innate
caster, HP casting, extra vitality 1
a: no special abilities


You were on level 4 of the Dungeon.
You visited 1 branch of the dungeon, and saw 4 of its levels.

You collected 218 gold pieces.

Inventory:

Hand Weapons
 a - a +0 short sword (weapon)
 b - a +0 falchion
Armour
 c - a +0 leather armour (worn)
 l - a +0 cloak (worn)
 n - a +0 helmet (worn)
Magical Staves
 g - a staff of conjuration
Jewellery
 s - an amulet of faith
Wands
 j - a wand of polymorph (8)
Scrolls
 e - 4 scrolls of teleportation
 f - a scroll of torment
 i - a scroll of immolation
 k - 3 scrolls of vulnerability
 m - a scroll of magic mapping {unknown}
 o - a scroll of amnesia {unknown}
 p - a scroll of noise {unknown}
Potions
 d - 4 potions of heal wounds
 h - a potion of resistance {unknown}
 q - 2 potions of attraction {unknown}
 r - 2 potions of brilliance {unknown}
 t - 2 potions of curing {unknown}
 u - a potion of lignification {unknown}
 v - a potion of magic {unknown}


   Skills:
 + Level 2.3 Fighting
 + Level 1.9 Armour
 - Level 2.1 Dodging
 - Level 1.5 Stealth
 * Level 4.3 Spellcasting


You couldn't memorise any spells.
You knew the following spells:

 Your Spells              Type           Power      Damage    Failure   Level
a - Ozocubu's Armour      Ice            20%        N/A       10%         3
f - Freeze                Ice            80%        1d9       3%          1
h - Hailstorm             Conj/Ice       20%        3d6       32%         4
r - Frozen Ramparts       Ice            40%        1d7       10%         3
B - Blink                 Tloc           40%        N/A       4%          2
F - Foxfire               Conj/Fire      80%        2x1d8     3%          1
Your spell library was empty.

Dungeon Overview and Level Annotations

Branches:
Dungeon (4/15)
 Temple: D:4-7

Altars:
Ashenzari
Okawaru
Qazlal
Trog
Wu Jian

Annotations:
D:4 1 runed translucent door, JohnEldenRing's ghost, amateur MiBe


Innate Abilities, Weirdness & Mutations

You are immune to sickness and miasma.
You are immune to poison.
Your flesh is very heat resistant. (rF++)
You are vulnerable to cold. (rC-)
You float through the air rather than walking.
You learn spells naturally, not from books.
Your magical power is your life essence.
You have superior vitality. (+4 MHP)


Message History

Aim: a scorpion You freeze the scorpion.
The scorpion is moderately wounded.
The scorpion misses you. The iguana bites you.
The scorpion stings you but does no damage.
Casting: Freeze (safe; 3% risk of failure)
Confirm with . or Enter, or press ? or * to list all spells.
Aiming: Freeze (safe; 3% risk of failure)
Press: ? - help, Shift-Dir - straight line, f/p - scorpion
Aim: a scorpion (moderately wounded)
You freeze the scorpion.
The scorpion is moderately wounded.
The iguana closely misses you. The scorpion stings you!
Casting: Freeze (safe; 3% risk of failure)
Confirm with . or Enter, or press ? or * to list all spells.
Aiming: Freeze (safe; 3% risk of failure)
Press: ? - help, Shift-Dir - straight line, f/p - scorpion
Aim: a scorpion (moderately wounded)
Okay, then.
Casting: Freeze (safe; 3% risk of failure)
Confirm with . or Enter, or press ? or * to list all spells.
You conjure some foxfire!
The iguana bites you.
* * * LOW HITPOINT WARNING * * *
The scorpion stings you but does no damage.
You hit the iguana but do no damage.
The iguana is severely wounded.
The foxfire hits the scorpion but does no damage.
The scorpion is moderately wounded.
The foxfire hits the iguana but does no damage.
The iguana is severely wounded.
The scorpion misses you. The iguana bites you.
* * * LOW HITPOINT WARNING * * *
Casting: Foxfire (safe; 3% risk of failure)
Confirm with . or Enter, or press ? or * to list all spells.
You conjure some foxfire!
* * * LOW HITPOINT WARNING * * *
The scorpion stings you.
* * * LOW HITPOINT WARNING * * *
The iguana closely misses you. The scorpion stings you.
You die...

#.......##.##.#.# .
.........
##+##......##.#.#
.####. ####...
#§WY#########.#.#
...... +... #§§§
....<...#.###.#...#
#..#
...............>...
#.#.
...................
#.+.
####+##............
##.#.
#.##...sv.)..###
#..##
#......@v....#
#....
#####..l.....#
#..#. #........#
##... #........#
###. #........# #.
+........# #.
#.......## #.
####+#### #. #.


You could see a scorpion (ally target) and an iguana.

Vanquished Creatures
  A hound (D:4)
  An iguana (D:4)
  4 adders
  3 worms (D:2)
  2 dart slugs
  4 orcs (D:3)
  An endoplasm (D:1)
  6 giant cockroaches
  5 goblins
  6 hobgoblins
  3 jackals (D:1)
  3 kobolds
  2 quokkas
  9 ball pythons
  3 bats
  A frilled lizard (D:1)
  3 rats
57 creatures vanquished.

Vanquished Creatures (others)
  75 foxfires
  2 plants
77 creatures vanquished.

Grand Total: 134 creatures vanquished

Notes
Turn   | Place    | Note
-------+----------+-------------------------------------------
     0 | D:1      | Godmorgon the Djinni Ice Elementalist began the quest for
                  | the Orb.
     0 | D:1      | Godmorgon set off with the following spells memorised:
                  | Freeze, Frozen Ramparts, Ozocubu's Armour, Hailstorm.
     0 | D:1      | Reached XP level 1. HP: 15/15 MP: 0/0
   352 | D:1      | Reached XP level 2. HP: 1/22 MP: 0/0
  1254 | D:1      | You are sucked into a shaft and drop 1 floor!
  1303 | D:2      | Reached skill level 1 in Fighting
  1418 | D:2      | Reached XP level 3. HP: 20/27 MP: 0/0
  1418 | D:2      | Learned a level 1 spell: Foxfire
  1727 | D:2      | Found an iron altar of Okawaru.
  1818 | D:2      | Reached skill level 1 in Armour
  1818 | D:2      | Reached XP level 4. HP: 30/32 MP: 0/0
  1941 | D:3      | Reached skill level 4 in Spellcasting
  2058 | D:3      | Found a bloodstained altar of Trog.
  2141 | D:3      | Found a stormy altar of Qazlal.
  2622 | D:3      | Reached XP level 5. HP: 38/38 MP: 0/0
  2622 | D:3      | Learned a level 2 spell: Blink
  2834 | D:4      | Found a broken altar of Ashenzari.
  3245 | D:4      | Found an ornate altar of the Wu Jian Council.
  3255 | D:4      | Found a runed translucent door.
  3255 | D:4      | Noticed a sky beast
  3266 | D:4      | Noticed JohnEldenRing's ghost (amateur MiBe)
  3509 | D:4      | HP: 1/39 [scorpion (2)]
  3509 | D:4      | Slain by a scorpion

Illustrated notes

Levels and vault maps discovered:
D:1:      dpeg_arrival_boxes_within_box, layout_basic, serial_bayou_ford_a,
          grunt_decor_fettered
D:2:      layout_rooms, serial_forest, infiniplex_forest_straight_2,
          infiniplex_forest_3_way, infiniplex_forest_clump_tiny,
          infiniplex_forest_straight_2, infiniplex_forest_clump_medium,
          infiniplex_forest_straight_4, basic_altar
D:3:      layout_rooms, general_overflow_altar, nicolae_qazlal_general_emergency
D:4:      layout_basic, nicolae_wu_jian_wuxing_cycle, evilmike_ruin_ashenzari,
          ebering_ghost_inner_flame, minmay_liquid_box

Skill      XL: |  1  2  3  4  5 |
---------------+----------------+-----
Fighting       | 1 2 |  2.3
Armour         | 1 |  1.9
Spellcasting   | 4 |  4.3
Dodging        | |  2.1
Stealth        | |  1.5

Action                   |  1- 3 |  4- 6 || total
-------------------------+-------+-------++-------
Melee: Falchion          |    10 |       ||    10
       Short sword       |     5 |    20 ||    25
       Punch             |       |     1 ||     1
 Cast: Freeze            |    27 |    16 ||    43
       Foxfire           |    14 |    29 ||    43
  Use: Scroll            |     4 |     1 ||     5
Armor: Robe              |     6 |       ||     6
       Leather armour    |     8 |     9 ||    17
Dodge: Dodged            |    16 |    20 ||    36
